 Dungeon Crawl Stone Soup version 0.19-a0-1008-g4c63d25 (webtiles) character file.

40466 epen the Alchemist (level 14, -12/108 HPs)
             Began as a Merfolk Transmuter on July 23, 2016.
             Was a Believer of Uskayaw.
             Mangled by an orc warlord
             ... wielding a +0 war axe
              (31 damage)
             ... on level 11 of the Dungeon.
             The game lasted 00:47:50 (21417 turns).

epen the Alchemist (Merfolk Transmuter)            Turns: 21417, Time: 00:47:51

Health: -12/108    AC: 11    Str: 11    XL:     14   Next: 11%
Magic:  37/38      EV: 24    Int: 16    God:    Uskayaw [**....]
Gold:   1075       SH:  4    Dex: 15    Spells: 5 memorised, 15 levels left

rFire  . . .     SeeInvis .       - Unarmed
rCold  . . .     Gourm    .     s - +2 robe {Archmagi}
rNeg   . . .     Faith    .     (shield currently unavailable)
rPois  .         Spirit   .     Z - +0 hat {MR+}
rElec  .         Dismiss  .     b - +0 cloak
rCorr  .         Reflect  +     (gloves currently unavailable)
SustAt .         Harm     .     i - +0 pair of boots
MR     +++..                    D - +4 amulet of reflection
Stlth  +.........               G - +4 ring of evasion
                                e - ring of magical power

@: blade hands, extremely resistant to hostile enchantments, very unstealthy
A: change form in water, swift swim, claws 1, molten scales 1, slimy green
scales 1, thin metallic scales 1, magic resistance 1
a: End Transformation, Stomp, Line Pass, Renounce Religion


You were on level 11 of the Dungeon.
You worshipped Uskayaw.
Uskayaw was aware of your devotion.
You were hungry.
You had blades for hands.
You visited 3 branches of the dungeon, and saw 18 of its levels.
You also visited: Labyrinth.

You collected 1198 gold pieces.
You spent 123 gold pieces at shops.

Inventory:

Missiles
 a - 174 arrows
Armour
 b - a +0 cloak (worn)
 i - a +0 pair of boots (worn)
 s - a +2 robe of the Archmagi (worn)
 U - the +1 pair of gloves of Qeeppa {Regen+ MP+9 Str-5 Int+6}
   (You acquired it on level 4 of the Lair of Beasts)

   It affects your strength (-5).
   It affects your intelligence (+6).
   It affects your magic capacity (+9).
   It increases your rate of regeneration.
 Y - the +1 pair of gloves "Jyodut" (melded) {rC+ Regen+ Str-4 Dex+5}
   (You found it in a labyrinth)

   It affects your strength (-4).
   It affects your dexterity (+5).
   It protects you from cold.
   It increases your rate of regeneration.
 Z - a +0 hat of magic resistance (worn)
Jewellery
 e - a ring of magical power (left scythe-like blade)
 z - an uncursed ring of resist corrosion
 D - a +4 amulet of reflection (around neck)
 G - a +4 ring of evasion (right scythe-like blade)
 R - an uncursed amulet of faith {unknown}
Wands
 c - a wand of acid (6/15)
 f - a wand of iceblast (4/15)
 g - a wand of acid (7/15)
 F - a wand of lightning (7/15)
 K - a wand of disintegration (8/24)
 L - a wand of disintegration (17/24)
Scrolls
 h - a scroll of enchant weapon
 j - a scroll of fear
 l - a scroll of magic mapping
 v - 6 scrolls of teleportation
 y - 3 scrolls of amnesia
 B - 5 scrolls of enchant armour
 H - a scroll of recharging
 J - a scroll of blinking
 M - 2 scrolls of identify
 O - 5 scrolls of remove curse
Potions
 k - 2 potions of haste
 m - a potion of beneficial mutation {unknown}
 n - 4 potions of might
 o - 6 potions of curing
 p - a potion of flight {unknown}
 r - 2 potions of magic
 w - 6 potions of brilliance
 x - a potion of cancellation {unknown}
 A - 2 potions of lignification
 C - 3 potions of resistance
 E - 2 potions of degeneration {unknown}
 N - 2 potions of agility
 Q - 3 potions of heal wounds
 T - 2 potions of cure mutation
Books
 S - a book of Battle

   Spells                             Type                      Level
   a - Infusion                       Charms                       1
   b - Shroud of Golubria             Charms/Translocation         2
   c - Song of Slaying                Charms                       2
   d - Spectral Weapon                Hexes/Charms                 3
   e - Regeneration                   Charms/Necromancy            3
Comestibles
 d - 19 bread rations
 q - 15 fruits
 t - a meat ration
 u - 3 chunks of flesh
 I - 7 beef jerkies


   Skills:
 + Level 9.0 Fighting
 + Level 11.6 Dodging
 + Level 9.6 Unarmed Combat
 * Level 11.0 Spellcasting
 * Level 15.1 Transmutations
 * Level 5.1 Earth Magic
 + Level 8.4 Invocations


You had 15 spell levels left.
You knew the following spells:

 Your Spells              Type           Power        Failure   Level  Hunger
a - Statue Form           Tmut/Erth      ######...    67%         6    ######.
b - Sticks to Snakes      Tmut           ######..     4%          2    None
c - Spider Form           Tmut/Pois      #####.....   17%         3    None
d - Blade Hands           Tmut           ######....   12%         5    #####..
e - Ice Form              Ice/Tmut       #####...     32%         4    ###....


Dungeon Overview and Level Annotations

Branches:
Dungeon (11/15)            Temple (1/1) D:5            Lair (6/6) D:9
  Swamp (0/4) Lair:3        Snake (0/4) Lair:4        Slime (0/5) Lair:6
    Orc: D:9-12

Altars:
Cheibriados
Dithmenos
Okawaru
Pakellas
Uskayaw
Xom
Yredelemnul
The Shining One

Shops:
D:4 ?=([=   D:10 (

Annotations:
D:4 sergedm's ghost, amateur DECj


Innate Abilities, Weirdness & Mutations

You revert to your normal form in water.
You are very nimble and swift while swimming.
You have sharp fingernails.
You are partially covered in molten scales. (AC +1)
You are partially covered in slimy green scales. (AC +2)
You are partially covered in thin metallic scales. (AC +2)
You are resistant to hostile enchantments. (MR+)


Message History

The orc warlord is severely wounded.
The orc warlord blocks your attack.
The orc warlord is severely wounded.
You block the orc warlord's attack. The orc warlord blocks your attack.
The orc warlord is severely wounded.
The orc warlord hits you with a war axe!
You slash the orc warlord!
The orc warlord is almost dead.
The orc warlord blocks your attack.
The orc warlord is almost dead.
The orc warlord hits you with a war axe!!
* * * LOW HITPOINT WARNING * * *
You are too injured to fight recklessly!
The orc warlord blocks your attack.
The orc warlord is almost dead.
The orc wizard gestures wildly while chanting.
The orc wizard blinks!
The orc warlord hits you with a war axe!!
You die...

#....# #.......#....#..
#####.# #....#.......'..
#.....#### #............#..
#........# #.#####'##......
#<.......# #.#.............
#........###.#.##..........
...........##.. .#.....##...
#######'##.#####..#.....##.<.
#....o.@oo...########..o
#..#.####o##.# #... '......
#.##.# ## #..) ######.
#..CS##.........
#.#.##.†..o..########
#.#.....<# ##..... ..########
##...... #...#.#. #..##.##


You could see an orc warlord, an orc warrior, an orc wizard and an orc.

Vanquished Creatures
  Gastronok (Lair:3)
  A dire elephant (Lair:6)
  Snorg (Lair:3)
  A minotaur (Lab)
  A hydra (Lair:5)
  A catoblepas (Lair:6)
  A deep troll shaman (Lair:6)
  2 death yaks (Lair:6)
  3 unseen horrors
  3 hill giants (D:11)
  An orc sorcerer (D:11)
  An ugly thing (D:11)
  A griffon (Lair:5)
  An oklob plant (Lair:3)
  2 black mambas (Lair:1)
  An eye of devastation (Lair:6)
  9 elephants
  9 spiny frogs
  2 centaur skeletons (D:11)
  4 komodo dragons
  An efreet (D:11)
  7 trolls
  A wind drake (shapeshifter) (D:11)
  8 blink frogs
  A polar bear (Lair:6)
  2 wyverns
  23 yaks
  2 basilisks
  6 hippogriffs
  A hungry ghost (D:10)
  A mottled dragon (D:11)
  6 swamp worms (Lair:3)
  11 water moccasins
  7 orc warriors
  14 porcupines
  An ice beast (D:8)
  A black bear (Lair:6)
  2 necrophages
  A wasp (D:10)
  5 sky beasts
  A phantom (D:11)
  10 wolves
  An eye of draining (Lair:6)
  6 ogres
  5 centaurs
  13 crocodiles
  18 giant frogs
  A wyvern skeleton (D:7)
  2 killer bees
  9 wights (D:8)
  6 howler monkeys
  6 electric eels
  5 crimson imps
  A quasit (D:9)
  2 centaur zombies
  2 orc priests
  A giant frog zombie (D:8)
  7 hounds
  A wasp zombie (D:10)
  A jelly (D:5)
  7 orc wizards
  Ijyb (D:3)
  4 giant frog skeletons
  7 iguanas
  2 worker ants
  A killer bee zombie (D:6)
  13 sheep
  A hound skeleton (D:11)
  2 worker ant zombies
  47 river rats
  12 adders
  4 oozes
  An adder skeleton (D:6)
  2 adder zombies
  2 worms
  2 dart slugs
  A giant gecko (D:3)
  37 orcs
  5 giant cockroaches
  7 goblins
  9 hobgoblins
  9 jackals
  3 kobolds
  5 quokkas
  7 bats
  A giant gecko skeleton (D:7)
  3 giant newts (D:3)
  A quokka skeleton (D:5)
  8 rats
  A spectral orc (D:4)
  A fungus (Lair:6)
451 creatures vanquished.

Vanquished Creatures (collateral kills)
  A cyclops (D:10)
  A centaur skeleton (D:10)
  A rime drake (Lair:3)
  2 yaks
  A centaur (D:10)
  The ghost of Shenda the Slasher, an amateur VSFi (D:3)
  A wyvern skeleton (D:11)
  2 adders
  An orc (D:11)
  A goblin (D:2)
12 creatures vanquished.

Vanquished Creatures (others)
  8 fungi
  2 plants (Lair:6)
10 creatures vanquished.

Grand Total: 473 creatures vanquished

Notes
Turn   | Place    | Note
-------+----------+-------------------------------------------
     0 | D:1      | epen the Merfolk Transmuter began the quest for the Orb.
     0 | D:1      | Reached XP level 1. HP: 15/15 MP: 3/3
   149 | D:1      | Reached skill level 3 in Transmutations
   149 | D:1      | Reached XP level 2. HP: 18/21 MP: 5/5
   531 | D:1      | Learned a level 2 spell: Sticks to Snakes
   715 | D:2      | Reached XP level 3. HP: 25/26 MP: 6/6
   720 | D:2      | Learned a level 3 spell: Spider Form
   779 | D:2      | Found an oddly glowing altar of Pakellas.
   923 | D:2      | Found a hide-covered altar of Uskayaw.
   932 | D:2      | Became a worshipper of Uskayaw the Reveler
  1152 | D:2      | Reached * piety under Uskayaw
  1702 | D:3      | Reached ** piety under Uskayaw
  1865 | D:3      | Noticed Shenda's ghost (amateur VSFi)
  1904 | D:4      | Noticed sergedm's ghost (amateur DECj)
  1957 | D:3      | Found an iron altar of Okawaru.
  1969 | D:3      | Reached XP level 4. HP: 32/32 MP: 7/7
  1996 | D:3      | Reached skill level 4 in Transmutations
  2061 | D:3      | Noticed Ijyb
  2072 | D:3      | Killed Ijyb
  2337 | D:3      | Reached *** piety under Uskayaw
  2341 | D:3      | Reached **** piety under Uskayaw
  2354 | D:3      | Reached XP level 5. HP: 25/38 MP: 9/9
  2467 | D:3      | Killed Shenda's ghost
  2904 | D:4      | Found Tuleluz's Antique Weapon Emporium.
  3042 | D:4      | Found Gecuxki's Jewellery Shoppe.
  3062 | D:4      | Noticed a centaur
  3182 | D:4      | Killed a centaur
  3182 | D:4      | Reached skill level 5 in Transmutations
  3182 | D:4      | Reached XP level 6. HP: 38/44 MP: 11/11
  3221 | D:4      | Found Ycloh's Armour Shoppe.
  3298 | D:4      | Found Ytikaitz's Jewellery Boutique.
  3302 | D:4      | Found Xaesac's Magic Scroll Shoppe.
  3323 | D:4      | Bought a scroll of blinking for 97 gold pieces
  3323 | D:4      | Bought a scroll of identify for 26 gold pieces
  3701 | D:4      | Found a basalt altar of Yredelemnul.
  3816 | D:5      | Entered Level 5 of the Dungeon
  3910 | D:5      | Found a glowing golden altar of the Shining One.
  3975 | D:5      | Found a shadowy altar of Dithmenos.
  4016 | D:5      | Found a staircase to the Ecumenical Temple.
  4049 | Temple   | Entered the Ecumenical Temple
  4195 | D:5      | Reached XP level 7. HP: 34/51 MP: 12/12
  5047 | D:6      | Reached skill level 6 in Transmutations
  5151 | D:6      | Reached skill level 5 in Dodging
  5164 | D:6      | Learned a level 5 spell: Blade Hands
  5881 | D:6      | Reached XP level 8. HP: 54/57 MP: 15/15
  5948 | D:7      | Reached skill level 7 in Transmutations
  5968 | D:7      | Gained mutation: Your muscles are strong. (Str +2) [mutagenic meat]
  5971 | D:7      | Gained mutation: You are clumsy. (Dex -2) [mutagenic meat]
  5974 | D:7      | Gained mutation: You tend to lose your temper in combat. [mutagenic meat]
  5977 | D:7      | Gained mutation: Scrolls take you a little longer to read. [mutagenic meat]
  5980 | D:7      | Gained mutation: Scrolls take you longer to read. [mutagenic meat]
  5983 | D:7      | Lost mutation: Your muscles are strong. (Str +2) [mutagenic meat]
  5993 | D:7      | Lost mutation: Scrolls take you longer to read. [potion of mutation]
  5993 | D:7      | Gained mutation: You have sharp fingernails. [potion of mutation]
  5993 | D:7      | Gained mutation: You are partially covered in slimy green scales. (AC +2) [potion of mutation]
  6006 | D:7      | Reached skill level 5 in Spellcasting
  6455 | D:7      | Reached skill level 5 in Unarmed Combat
  6508 | D:7      | Reached skill level 8 in Transmutations
  6749 | D:8      | Reached XP level 9. HP: 65/65 MP: 17/17
  6755 | D:8      | Learned a level 4 spell: Ice Form
  6805 | D:8      | Reached ***** piety under Uskayaw
  6806 | D:8      | Reached skill level 1 in Invocations
  6921 | D:8      | Reached skill level 9 in Transmutations
  7194 | D:8      | Got a vibrating ivory ring
  7661 | D:8      | Identified the ring of Godey {Int+2 Stlth+} (You found it on level 8 of the Dungeon)
  7715 | D:8      | Reached skill level 5 in Fighting
  7970 | D:9      | Reached skill level 10 in Transmutations
  7991 | D:9      | Reached ****** piety under Uskayaw
  7992 | D:9      | Reached XP level 10. HP: 73/73 MP: 20/20
  8709 | D:9      | Found a snail-covered altar of Cheibriados.
  8793 | D:9      | Found a staircase to the Lair.
  9260 | D:10     | Entered Level 10 of the Dungeon
  9314 | D:10     | Found a shimmering altar of Xom.
  9450 | D:10     | Reached skill level 11 in Transmutations
  9960 | D:10     | Reached XP level 11. HP: 72/80 MP: 23/23
 10009 | D:10     | Found Pynwot's Weapon Shop.
 10597 | D:10     | Noticed a cyclops
 10613 | D:10     | Killed a cyclops
 10843 | D:11     | Noticed a hill giant
 10874 | D:10     | Reached skill level 12 in Transmutations
 11139 | D:11     | Noticed a hill giant
 11152 | D:11     | Killed a hill giant
 11152 | D:11     | Reached skill level 5 in Invocations
 11170 | D:11     | Killed a hill giant
 11281 | D:11     | Found a labyrinth entrance.
 11288 | Lab      | Entered a labyrinth
 11416 | Lab      | Killed an unseen horror
 11419 | Lab      | Killed an unseen horror
 12496 | Lab      | Noticed a minotaur
 12545 | Lab      | Killed a minotaur
 12814 | Lab      | Identified the Almanac of Talismans
 12823 | Lab      | Identified Ticvak's Grimoire of the Mountains (You found it in a labyrinth)
 12832 | Lab      | Learned a level 6 spell: Statue Form
 12834 | Lab      | Identified Antont's Compendium of the Oath (You found it in a labyrinth)
 12837 | Lab      | Got a pair of smoking gloves
 12849 | Lab      | Identified the +1 pair of gloves "Jyodut" {rC+ Regen+ Str-4 Dex+5} (You found it in a labyrinth)
 12967 | D:11     | Noticed an ettin
 13123 | D:11     | Noticed a purple ugly thing
 13132 | D:11     | Killed a purple ugly thing
 13163 | D:11     | Noticed a hill giant
 13190 | D:11     | Killed a hill giant
 13190 | D:11     | Reached XP level 12. HP: 72/91 MP: 25/25
 13333 | D:11     | Reached skill level 13 in Transmutations
 13489 | D:11     | Noticed an orc warlord
 13494 | D:11     | Noticed a soul eater
 13815 | Lair:1   | Entered Level 1 of the Lair of Beasts
 13990 | Lair:1   | Gained mutation: You are resistant to hostile enchantments. (MR+) [potion of mutation]
 13990 | Lair:1   | Gained mutation: Your magical capacity is low. (-10% MP) [potion of mutation]
 13991 | Lair:1   | Gained mutation: You are partially covered in molten scales. (AC +1) [potion of mutation]
 13991 | Lair:1   | Gained mutation: You are partially covered in thin metallic scales. (AC +2) [potion of mutation]
 14018 | Lair:1   | Reached skill level 10 in Dodging
 14499 | Lair:1   | Reached skill level 1 in Earth Magic
 14995 | Lair:1   | Lost mutation: You are clumsy. (Dex -2) [potion of cure mutation]
 14995 | Lair:1   | Lost mutation: Scrolls take you a little longer to read. [potion of cure mutation]
 14995 | Lair:1   | Lost mutation: Your magical capacity is low. (-10% MP) [potion of cure mutation]
 14995 | Lair:1   | Lost mutation: You tend to lose your temper in combat. [potion of cure mutation]
 15119 | Lair:1   | Got a smoking leather armour
 15130 | Lair:1   | Identified the cursed +0 leather armour "Luega" {rElec rF+ MR++ Dex-4} (You found it on level 1 of the Lair of Beasts)
 15828 | Lair:2   | Reached skill level 10 in Spellcasting
 15878 | Lair:2   | Reached skill level 14 in Transmutations
 16181 | Lair:2   | Reached XP level 13. HP: 91/98 MP: 27/27
 16543 | Lair:3   | Noticed Gastronok
 16743 | Lair:3   | Killed Gastronok
 17264 | Lair:3   | Noticed Snorg
 17273 | Lair:3   | Killed Snorg
 17446 | Lair:3   | Found a staircase to the Swamp.
 18024 | Lair:4   | Found a staircase to the Snake Pit.
 18617 | Lair:4   | Identified a scroll of acquirement
 18618 | Lair:4   | Got a pair of warped gloves
 18682 | Lair:4   | Identified the +1 pair of gloves of Qeeppa {Regen+ MP+9 Str-5 Int+6} (You acquired it on level 4 of the Lair of Beasts)
 19860 | Lair:6   | Entered Level 6 of the Lair of Beasts
 20081 | Lair:6   | Found a staircase to the Slime Pits.
 20548 | Lair:6   | Reached skill level 15 in Transmutations
 20570 | Lair:6   | Reached skill level 5 in Earth Magic
 20570 | Lair:6   | Reached XP level 14. HP: 59/106 MP: 28/28
 20826 | Lair:6   | Noticed a dire elephant
 20855 | Lair:6   | Killed a dire elephant
 21417 | D:11     | Mangled by an orc warlord

Vault maps used:
D:1:      dpeg_arrival_line_fractal
D:2:      nicolae_overflow_crystal_walls, marbit_many_paths, dk_vineyard_2
D:3:      okawaru_metal_pillars_1_2, uniq_iyjb
D:4:      yredelemnul_forgotten_temple_becter, serial_shops, shop,
          kennysheep_mini, shop, nicolae_shop_trees, nicolae_shop_stone,
          minivault_1
D:5:      tso_metal_star, first_bread, nrook_mini_backslash,
          grunt_dithmenos_smoke_and_mirrors
D:9:      cheibriados_altar_1, erik_lair_island
D:10:     basic_altar, serial_shops, shop, grunt_ogre_cave
D:11:     cheibrodos_orc_bank, lab_entry_generic, minmay_the_grid_3x2
Temple:   regret_index_temple_generic_petals
Lair:1:   wad_woods_road_03, serial_bayou_pond_c, nicolae_quartered_pool_super,
          st_stairs_11, infiniplex_staircase_pool
Lair:2:   serial_bayou_shore_b
Lair:3:   nicolae_swamp_entry_splash_gauntlet, serial_bayou_shore_b, uniq_snorg,
          uniq_gastronok
Lair:4:   dummy_snake_entry
Lair:5:   cheibrodos_lair_reptile_den
Lair:6:   grunt_lair_end_beastmaster, minmay_slime_entry_eyes
Lab:      nicolae_lab_dead_adventurers, lab_statue, nicolae_lab_swirl,
          nicolae_lab_very_dead_end, nicolae_lab_grate

Skill      XL: |  1  2  3  4  5  6  7  8  9 10 11 12 13 14 |
---------------+-------------------------------------------+-----
Dodging        | 3 4 5 6 7 8 9 10 11 | 11.6
Transmutations | 3 4 5 6 8 10 11 12 14 15 | 15.1
Spellcasting   | 3 4 5 6 8 9 10 11 | 11.0
Fighting       | 2 3 4 5 6 7 8 9 |  9.0
Unarmed Combat | 4 5 6 7 8 9 |  9.6
Invocations    | 2 4 5 7 8 |  8.4
Earth Magic    | 3 5 |  5.1

Action                   |  1- 3 |  4- 6 |  7- 9 | 10-12 | 13-15 || total
-------------------------+-------+-------+-------+-------+-------++-------
Melee: Unarmed           |   132 |   171 |   389 |   717 |   473 ||  1882
       Punch             |     2 |     2 |     2 |    21 |    24 ||    51
       Tailslap          |       |       |       |     1 |       ||     1
 Cast: Sticks to Snakes  |     1 |     2 |       |    43 |     9 ||    55
       Beastly Appendage |     1 |       |       |     1 |       ||     2
       Spider Form       |     1 |     9 |     8 |       |       ||    18
       Blade Hands       |       |       |    14 |    44 |    45 ||   103
       Ice Form          |       |       |       |       |     1 ||     1
 Abil: End Transformatio |       |       |       |       |     2 ||     2
Evoke: Wand              |       |       |       |     1 |       ||     1
  Use: Scroll            |       |       |     5 |    21 |     5 ||    31
       Potion            |       |       |     1 |     7 |     1 ||     9
 Stab: Sleeping          |     1 |     1 |     1 |     3 |       ||     6
       Paralysed         |       |     1 |     7 |    52 |    29 ||    89
       Distracted        |       |       |       |     1 |       ||     1
  Eat: Chunk             |     4 |     3 |    19 |    24 |    23 ||    73
       Meat ration       |       |     1 |     1 |     4 |       ||     6
       Beef jerky        |       |       |     1 |       |       ||     1
       Fruit             |       |       |       |       |     3 ||     3
       Pizza             |       |       |       |       |     1 ||     1
Armor: Robe              |    32 |    33 |    67 |   133 |    39 ||   304
       Skin              |     2 |     3 |     1 |       |       ||     6
Dodge: Dodged            |    92 |   130 |   341 |   659 |   408 ||  1630
Block: Other             |       |       |    17 |   112 |    53 ||   182
       Reflection        |       |       |       |     2 |       ||     2
